 Dungeon Sprint DCSS version 0.27-a0-1256-gced786f65e (webtiles) character file.

Game seed: 17977524021880410434

276 mhtbhm the Grappler (level 6, -1/61 HPs)
             Began as a Ghoul Monk on June 11, 2021.
             Was a Believer of Okawaru.
             Killed from afar by a burning bush (15 damage)
             ... with a puff of flame
             ... in the Dungeon (Sprint IV: "Fedhas' Mad Dash").
             The game lasted 00:02:06 (1095 turns).

mhtbhm the Grappler (Ghoul Monk)                    Turns: 1095, Time: 00:02:06

Health: -1/61      AC:  3    Str: 17    XL:     6   Next: 25%
Magic:  4/5        EV: 14    Int:  5    God:    Okawaru [**....]
Gold:   82         SH:  0    Dex: 11    Spells: 5/5 levels left

rFire    . . .     SeeInvis .     - Unarmed
rCold    + . .     Faith    .   (no shield)
rNeg     + + +     Spirit   .   a - +0 robe
rPois    ∞         Reflect  .   h - +0 helmet
rElec    .         Harm     .   (no cloak)
rCorr    .         Rampage  .   (no gloves)
Will     .....     NoTele   +   (no boots)
Stlth    +++.......             g - amulet of invisibility {+Inv}
HPRegen  0.00/turn              (no ring)
MPRegen  0.09/turn              (no ring)

@: very slightly contaminated, invisible
A: claws 1, cold resistance 1, negative energy resistance 3, inhibited
regeneration, torment resistance 2
a: Renounce Religion, Evoke Invisibility, Heroism


You were in the Dungeon.
You worshipped Okawaru.
Okawaru was pleased with you.
You visited 1 branch You collected 82 gold pieces.

Inventory:

Armour
 a - a +0 robe (worn)
 h - a +0 helmet (worn)
Jewellery
 g - the amulet of invisibility (around neck) {+Inv}
   (You found it in the Dungeon)

   [amulet of nothing]

   It lets you turn invisible.
Scrolls
 f - a scroll of blinking
 i - a scroll of fear {unknown}
Potions
 b - a potion of curing
 c - a potion of heal wounds
 d - a potion of haste
 e - 2 potions of magic


   Skills:
 + Level 7.7 Fighting
 + Level 6.2 Dodging
 + Level 5.6 Stealth
 + Level 8.4 Unarmed Combat
 + Level 2.6 Evocations


You had 5 spell levels left.
You didn't know any spells.
Your spell library was empty.

Dungeon Overview and Level Annotations

Branches:
Dungeon (1/1)

Altars:
Cheibriados
Dithmenos
Elyvilon
Gozag
Hepliaklqana
Kikubaaqudgha
Makhleb
Nemelex Xobeh
Okawaru
Qazlal
Ru
Sif Muna
Trog
Uskayaw
Vehumet
Wu Jian
Xom
Yredelemnul
Zin
The Shining One
Beogh
Jiyva
Lugonu

Shops:
D =(


Innate Abilities, Weirdness & Mutations

You thrive by killing the living.
You are immune to poison.
You have sharp fingernails.
Your flesh is cold resistant. (rC+)
You are immune to negative energy. (rN+++)
You do not regenerate when monsters are visible.
You are immune to unholy pain and torment.


Message History

You fail to use your ability.
You fade into invisibility!
You are very lightly contaminated with residual magic.
You open the door.
A wandering mushroom and a burning bush come into view.
Found a scroll of blinking and 7 gold pieces.
Unknown command.
A scorpion and a wandering mushroom come into view.
There is an open door here.
The wandering mushroom releases spores at you!
You see here a scroll of blinking.
You scratch the burning bush.
The burning bush is lightly damaged.
You scratch the burning bush but do no damage.
The burning bush is lightly damaged.
The wandering mushroom releases spores at you but does no damage.
The burning bush throws fire at you. The puff of flame hits you!
The wandering mushroom releases spores at you!
You scratch the burning bush but do no damage.
The burning bush is lightly damaged.
The wandering mushroom releases spores at you but does no damage.
The wandering mushroom closely misses you.
You claw the burning bush!
The burning bush is moderately damaged.
The wandering mushroom closely misses you.
The wandering mushroom releases spores at you.
You scratch the burning bush but do no damage.
The burning bush is lightly damaged.
The wandering mushroom misses you. The burning bush throws fire at you.
The puff of flame misses you.
The wandering mushroom releases spores at you!
* * * LOW HITPOINT WARNING * * *
The burning bush throws fire at you. The puff of flame misses you.
Unknown command.
The burning bush throws fire at you. The puff of flame hits you!
You die...

#####################
_._._.⌠.#..')..#.s..#
._._._..'..#)..#.f.P+
_._._...#..###'##.?$#
._._._..#..##∩∩.@..f#
_._._.⌠.#############
#########


You could see 2 wandering mushrooms, a burning bush and a scorpion (asleep).

Vanquished Creatures
  2 scorpions (D)
  3 oklob saplings (D)
  2 spriggans (D)
  A river rat (D)
  A rat (D)
9 creatures vanquished.

Vanquished Creatures (others)
  A fungus (D)
1 creature vanquished.

Grand Total: 10 creatures vanquished

Notes
Turn   | Place    | Note
-------+----------+-------------------------------------------
     0 | D        | mhtbhm the Ghoul Monk began the quest for the Orb.
     0 | D        | Reached XP level 1. HP: 19/19 MP: 0/0
    14 | D        | Reached skill level 4 in Unarmed Combat
    14 | D        | Reached XP level 2. HP: 18/27 MP: 1/1
   111 | D        | Noticed an oklob sapling
   114 | D        | Killed an oklob sapling
   115 | D        | Reached skill level 5 in Fighting
   115 | D        | Reached skill level 5 in Unarmed Combat
   115 | D        | Reached XP level 3. HP: 36/36 MP: 2/2
   117 | D        | Noticed a scorpion
   118 | D        | Found the amulet of invisibility {+Inv}
   122 | D        | Killed a scorpion
   123 | D        | Reached skill level 5 in Dodging
   123 | D        | Reached skill level 6 in Unarmed Combat
   123 | D        | Reached XP level 4. HP: 35/44 MP: 3/3
   150 | D        | Found an opulent altar of Gozag.
   150 | D        | Found a hazy altar of Hepliaklqana.
   150 | D        | Found a burning altar of Makhleb.
   150 | D        | Found a sparkling altar of Nemelex Xobeh.
   150 | D        | Found a snail-covered altar of Cheibriados.
   150 | D        | Found a sacrificial altar of Ru.
   150 | D        | Found a shimmering blue altar of Sif Muna.
   150 | D        | Found a shimmering altar of Xom.
   150 | D        | Found a basalt altar of Yredelemnul.
   151 | D        | Found a viscous altar of Jiyva.
   151 | D        | Found a bloodstained altar of Trog.
   151 | D        | Found an ornate altar of the Wu Jian Council.
   151 | D        | Noticed an oklob sapling priest
   152 | D        | Found an iron altar of Okawaru.
   152 | D        | Found a shadowy altar of Dithmenos.
   153 | D        | Found an ancient bone altar of Kikubaaqudgha.
   153 | D        | Found a hide-covered altar of Uskayaw.
   154 | D        | Found a stormy altar of Qazlal.
   155 | D        | Found a corrupted altar of Lugonu.
   155 | D        | Found a radiant altar of Vehumet.
   170 | D        | Killed an oklob sapling priest
   171 | D        | Reached skill level 7 in Unarmed Combat
   171 | D        | Reached XP level 5. HP: 16/51 MP: 2/4
   182 | D        | Became a worshipper of Warmaster Okawaru
   182 | D        | Reached * piety under Okawaru
   182 | D        | Reached ** piety under Okawaru
   691 | D        | Reached skill level 1 in Evocations
   893 | D        | Reached skill level 5 in Stealth
   899 | D        | Found Oloqyixu's Weapon Shop.
   900 | D        | Found Haorgh's Jewellery Emporium.
   903 | D        | Reached skill level 8 in Unarmed Combat
   903 | D        | Reached XP level 6. HP: 26/61 MP: 3/5
  1085 | D        | Noticed a burning bush
  1085 | D        | Noticed a wandering mushroom
  1086 | D        | Noticed a wandering mushroom
  1095 | D        | Killed from afar by a burning bush

Illustrated notes

Levels and vault maps discovered:
D:        dungeon_sprint_fedhas [sprint_temple]

Skill      XL: |  1  2  3  4  5 |
---------------+----------------+-----
Fighting       | 4 5 6 7 |  7.7
Dodging        | 3 4 5 6 |  6.2
Unarmed Combat | 4 5 6 7 8 |  8.4
Stealth        | 3 4 5 |  5.6
Evocations     | 2 |  2.6

Action                   |  1- 3 |  4- 6 || total
-------------------------+-------+-------++-------
Melee: Unarmed           |    16 |    32 ||    48
       Punch             |       |     2 ||     2
 Abil: Evoke Invisibilit |       |     5 ||     5
 Stab: Sleeping          |     1 |     1 ||     2
       Invisible         |       |     3 ||     3
Armor: Robe              |     1 |     3 ||     4
Dodge: Dodged            |     5 |    11 ||    16

Table legend: (Time is in decaauts)
 A = Elapsed time spent in this place.
 B = Non-inter-level travel time spent in this place.
 C = Inter-level travel time spent in this place.
 D = Time resting spent in this place.
 E = Time spent auto-exploring this place.
 F = Levels seen in this place.
 G = Mean time per level.
                   A        B        C        D        E       F      G
               +--------+--------+--------+--------+--------+-----+--------+
         Total |   1089 |   1089 |      0 |    912 |      0 |   1 | 1089.0 |
       Dungeon |   1089 |   1089 |      0 |    912 |      0 |   1 | 1089.0 |
               +--------+--------+--------+--------+--------+-----+--------+

Top non-repeatable levels by time:
       D: 1089 daAuts
